 Dungeon Crawl Stone Soup version 0.17-a0-1123-g6d3914c (console) character file.

5731 Monkaria the Nimble (level 10, -6/63 HPs)
             Began as a Demonspawn Chaos Knight on May 24, 2015.
             Shot with an arrow of flame by a centaur (10 damage)
             ... on level 9 of the Dungeon.
             The game lasted 00:19:16 (11551 turns).

Monkaria the Nimble (Demonspawn Chaos Knight)      Turns: 11551, Time: 00:19:17

Health: -6/63      AC: 10    Str: 15    XL:     10   Next: 48%
Magic:  10/10      EV: 17    Int: 13    God:    Xom [..*...]
Gold:   540        SH:  4    Dex: 14    Spells: 0 memorised, 9 levels left

rFire  . . .     SeeInvis .     a - +1 falchion (chaos)
rCold  + + +     Clarity  .     b - +2 leather armour
rNeg   . . .     SustAt   .     (no shield)
rPois  .         Gourm    .     (helmet restricted)
rElec  .         Spirit   .     (no cloak)
rCorr  .         Warding  .     (no gloves)
rMut   .         Stasis   .     (no boots)
MR     .....                    (no amulet)
Stlth  +.........               (no ring)
                                L - ring of flight

@: very slightly contaminated, not resistant to hostile enchantments, very
unstealthy
A: antennae 1, large bone plates 3, blink 1, breathe flames 2, cold resistance
3, frail 1, rot immunity
a: Blink, Renounce Religion, Breathe Fire, Evoke Flight


You were on level 9 of the Dungeon.
You worshipped Xom.
You were a toy of Xom.
You were not hungry.

You visited 2 branches of the dungeon, and saw 10 of its levels.

You collected 540 gold pieces.

Inventory:

Hand weapons
 a - a +1 falchion of chaos (weapon)
 l - a +0 blowgun
Missiles
 p - 68 poisoned needles
 s - 2 needles of slowing
 t - 15 tomahawks (quivered)
 u - 7 javelins
Armour
 b - a +2 leather armour (worn)
Magical staves
 z - an uncursed staff of conjuration
Jewellery
 L - a ring of flight (left hand)
Magical devices
 i - a wand of draining (6)
 w - a wand of cold (7)
 J - a wand of random effects (33)
Scrolls
 e - 4 scrolls of enchant weapon
 h - 2 scrolls of immolation
 r - a scroll of fog
 y - 5 scrolls of remove curse
 B - a scroll of recharging
 C - 2 scrolls of noise {unknown}
 D - 2 scrolls of brand weapon {unknown}
 E - 6 scrolls of teleportation {unknown}
 H - 4 scrolls of magic mapping {unknown}
 N - 2 scrolls of amnesia {unknown}
Potions
 f - a potion of cancellation
 k - a potion of agility
 n - a potion of brilliance
 o - a potion of poison {unknown}
 v - a potion of haste
 x - 2 potions of magic
 A - 2 potions of might
 I - a potion of cure mutation
 M - 2 potions of flight
Comestibles
 c - 8 bread rations
 d - a chunk of flesh
 j - 2 royal jellies
 m - 4 meat rations
 q - 5 beef jerkies
 F - 9 slices of pizza
 G - 7 fruits


   Skills:
 - Level 4.1 Fighting
 - Level 8.0 Long Blades
 - Level 8.0 Armour
 + Level 9.3 Dodging


You had 9 spell levels left.
You didn't know any spells.

Dungeon Overview and Level Annotations

Branches:
Dungeon (9/15)             Temple (1/1) D:7
   Lair: D:8-11         Orc: D:9-12

Altars:
Ashenzari
Cheibriados
Dithmenos
Elyvilon
Fedhas
Gozag
Kikubaaqudgha
Makhleb
Nemelex Xobeh
Okawaru
Qazlal
Ru
Sif Muna
Trog
Vehumet
Xom
Yredelemnul
Zin
The Shining One

Annotations:
D:3 Monkaria's ghost, average DsCK


Innate Abilities, Weirdness & Mutations

You are completely covered in large bone plates (AC +4, SH +4).
Your flesh is almost immune to the effects of cold.
You are immune to rotting.
You have a pair of small antennae on your head.
You can translocate small distances at will.
You can breathe fire.
You are frail (-10% HP).


Message History

You barely miss something.
The centaur shoots an arrow of flame.
You block the arrow of flame. Something hits you.
* * * LOW HITPOINT WARNING * * *
Unknown command.
The centaur shoots an arrow of flame.
The arrow of flame hits you!
* * * LOW HITPOINT WARNING * * *
The arrow of flame burns you.
* * * LOW HITPOINT WARNING * * *
You hear some strange, mumbled words.
Something tries to affect you, but you resist.
You see here an arrow of flame.
Drink which item? (? for menu, Esc to quit)
You feel better.
The centaur shoots an arrow of flame.
The arrow of flame hits you.
* * * LOW HITPOINT WARNING * * *
The arrow of flame burns you.
* * * LOW HITPOINT WARNING * * *
Something barely misses you.
The centaur shoots an arrow of flame.
The arrow of flame hits you!
You die...

.......##..#..#..#..# ####+#
.......##..#.....#..###'####.<..#
...........#...(.#..#.>......##.'
...........#.....####.#......##.#
.......##..#..........#......##.#
.......##..#..........#......##.#
.......##..#..........#......##.#
.......##..#.##......)#......##.#
############...(@....)........<.#
#############...{..#####'#####...
............'......#.........#.##
............#......#.........#...
####'########......###########..)
.................................
.....#.........###..#########....
.....#......#..# #c.#########....
.....#......#..###.............##


You could see a centaur.

Vanquished Creatures
  The ghost of Pr0man the Magician, an average HEWz of Vehumet (D:4)
  5 yaks (D:9)
  Sigmund (D:3)
  The ghost of Monkaria the Slasher, an average DsCK of Xom (D:5)
  3 ice beasts
  3 phantoms
  5 black bears
  5 centaurs
  6 ogres
  2 big kobolds
  5 giant frogs
  5 scorpions
  5 killer bees
  2 centaur zombies
  2 hounds
  3 iguanas (D:9)
  A jelly (D:5)
  2 centaur skeletons
  A crimson imp (D:9)
  2 orc priests
  9 worker ants
  Jessica (D:2)
  10 orc wizards
  A sheep (D:7)
  3 hound skeletons
  5 gnolls
  7 adders
  3 shadow imps
  An adder zombie (D:5)
  3 worms
  6 giant geckos
  31 orcs
  2 ball pythons
  4 giant cockroaches
  12 goblins
  11 hobgoblins
  7 jackals
  32 kobolds
  2 quokkas
  11 bats
  2 giant newts
  A jackal skeleton (D:4)
  A quokka zombie (D:9)
  16 rats
241 creatures vanquished.

Vanquished Creatures (collateral kills)
  A hog (D:7)
  A human (D:7)
  3 yaks (D:9)
  An ogre (D:7)
  2 killer bees (D:6)
  2 sheep (D:7)
  A kobold (D:7)
11 creatures vanquished.

Vanquished Creatures (others)
  An adder (D:5)
  2 shadow imps (D:9)
  A worm (D:2)
  A kobold (D:9)
5 creatures vanquished.

Grand Total: 257 creatures vanquished

Notes
Turn   | Place    | Note
--------------------------------------------------------------
     0 | D:1      | Monkaria the Demonspawn Chaos Knight began the quest for the Orb.
     0 | D:1      | Reached XP level 1. HP: 18/18 MP: 1/1
   244 | D:1      | Gained mutation: You are partially covered in large bone plates (AC +2, SH +2). [demonic ancestry]
   244 | D:1      | Reached XP level 2. HP: 1/24 MP: 2/2
   605 | D:1      | XOM: divination: detect items
   851 | D:1      | Reached skill level 4 in Fighting
   962 | D:2      | Gained mutation: You are mostly covered in large bone plates (AC +3, SH +3). [demonic ancestry]
   962 | D:2      | Reached XP level 3. HP: 25/30 MP: 3/3
  1094 | D:2      | XOM: harmless Erth miscast
  1113 | D:2      | XOM: harmless Summ miscast
  1122 | D:2      | XOM: 6-stop teleportation journey
  1287 | D:2      | Noticed Jessica
  1290 | D:2      | Killed Jessica
  1290 | D:2      | Reached XP level 4. HP: 37/37 MP: 4/4
  1352 | D:2      | XOM: medium Divn miscast
  1539 | D:2      | Noticed a scorpion
  1542 | D:2      | XOM: harmless Conj miscast
  1546 | D:2      | Killed a scorpion
  1547 | D:2      | XOM: draining
  1752 | D:3      | Reached XP level 5. HP: 42/42 MP: 5/5
  1780 | D:3      | Noticed Monkaria's ghost (average DsCK)
  1789 | D:3      | XOM: mild Chrm miscast
  1799 | D:3      | XOM: confusion (+ monsters)
  1800 | D:3      | XOM: noise
  1812 | D:3      | Noticed an ogre
  1813 | D:3      | XOM: blink monster(s)
  1817 | D:3      | XOM: enchant monster (good)
  1823 | D:3      | XOM: chaos cloud
  1825 | D:3      | Paralysed by you for 5 turns
  1831 | D:3      | Killed an ogre
  1831 | D:3      | Reached skill level 5 in Long Blades
  1837 | D:3      | Noticed Sigmund
  1848 | D:3      | Killed Sigmund
  1848 | D:3      | Reached skill level 6 in Long Blades
  1848 | D:3      | Gained mutation: You are completely covered in large bone plates (AC +4, SH +4). [demonic ancestry]
  1848 | D:3      | Reached XP level 6. HP: 8/48 MP: 6/6
  1941 | D:3      | XOM: mild Air miscast
  2086 | D:3      | XOM: mild Conj miscast
  2107 | D:3      | XOM: silly message
  2285 | D:3      | Found a burning altar of Makhleb.
  2296 | D:3      | XOM: chaos cloud
  2327 | D:3      | Found a basalt altar of Yredelemnul.
  2367 | D:3      | XOM: harmless Air miscast
  2500 | D:3      | XOM: colour smoke trail
  2543 | D:3      | Found a glowing silver altar of Zin.
  2554 | D:3      | Found a snail-covered altar of Cheibriados.
  2716 | D:4      | XOM: chaos upgrade
  2719 | D:4      | XOM: harmless Pois miscast
  2722 | D:4      | Reached XP level 7. HP: 34/54 MP: 7/7
  2792 | D:4      | Reached skill level 7 in Long Blades
  3079 | D:4      | XOM: silly message
  3294 | D:4      | Found an opulent altar of Gozag.
  3301 | D:4      | XOM: colour smoke trail
  3643 | D:4      | XOM: noise
  3669 | D:4      | XOM: harmless Fire miscast
  3698 | D:4      | Noticed Pr0man's ghost (average HEWz)
  3709 | D:4      | Killed Pr0man's ghost
  3797 | D:5      | Entered Level 5 of the Dungeon
  3874 | D:5      | XOM: enchant monster (good)
  3961 | D:5      | Killed Monkaria's ghost
  4005 | D:5      | XOM: summons friendly crimson imp
  4036 | D:5      | Found a sparkling altar of Nemelex Xobeh.
  4038 | D:5      | Found a sparkling altar of Nemelex Xobeh.
  4183 | D:5      | XOM: divination: detect items
  4294 | D:5      | Reached skill level 5 in Armour
  4294 | D:5      | Gained mutation: You are immune to rotting. [demonic ancestry]
  4294 | D:5      | Reached XP level 8. HP: 58/60 MP: 8/8
  4354 | D:5      | XOM: harmless Pois miscast
  4391 | D:5      | XOM: potion effect (brilliance)
  4424 | D:5      | Found a deep blue altar of Sif Muna.
  4425 | D:5      | Found a burning altar of Makhleb.
  4971 | D:5      | XOM: harmless Hex miscast
  5439 | D:6      | XOM: harmless Divn miscast
  5513 | D:6      | XOM: colour smoke trail
  5531 | D:6      | XOM: confuse monster(s)
  5542 | D:6      | HP: 2/60 [killer bee (8)]
  5700 | D:6      | Reached skill level 8 in Armour
  5964 | D:6      | XOM: mild Pois miscast
  5998 | D:6      | XOM: divination: detect items
  6076 | D:6      | Reached XP level 9. HP: 59/65 MP: 9/9
  6461 | D:4      | Reached skill level 1 in Dodging
  6593 | D:3      | Found a basalt altar of Yredelemnul.
  6716 | D:3      | Found a burning altar of Makhleb.
  6927 | D:3      | Found a glowing silver altar of Zin.
  6928 | D:3      | Found a snail-covered altar of Cheibriados.
  6942 | D:3      | Found a glowing silver altar of Zin.
  7083 | D:3      | Found a basalt altar of Yredelemnul.
  7094 | D:3      | Found a burning altar of Makhleb.
  7212 | D:3      | XOM: harmless Fire miscast
  7276 | D:4      | XOM: silly message
  7319 | D:3      | Found a basalt altar of Yredelemnul.
  7329 | D:3      | XOM: mild Trmt miscast
  7330 | D:3      | Found a burning altar of Makhleb.
  7331 | D:3      | XOM: divination: detect creatures
  7361 | D:3      | XOM: silly message
  7434 | D:3      | Found a glowing silver altar of Zin.
  7435 | D:3      | Found a snail-covered altar of Cheibriados.
  7870 | D:7      | XOM: 6-stop teleportation journey
  8100 | D:7      | XOM: vitrification
  8215 | D:7      | XOM: cast spell 'Olgreb's Toxic Radiance'
  8335 | D:7      | XOM: divination: magic mapping
  8495 | D:7      | Reached skill level 5 in Dodging
  8518 | D:7      | Found a staircase to the Ecumenical Temple.
  8809 | Temple   | Entered the Ecumenical Temple
  8853 | Temple   | XOM: divination: detect creatures
  8862 | Temple   | XOM: draining
  8929 | Temple   | XOM: 6-stop teleportation journey
  9021 | D:8      | XOM: 2-stop teleportation journey
  9097 | D:8      | XOM: mild Trmt miscast
  9466 | D:8      | XOM: medium Air miscast
  9861 | D:8      | XOM: confuse monster(s)
 10122 | D:9      | XOM: blink monster(s)
 10140 | D:9      | Gained mutation: Your flesh is cold resistant. [demonic ancestry]
 10140 | D:9      | Reached XP level 10. HP: 44/71 MP: 10/10
 10159 | D:9      | XOM: harmless Necr miscast
 10261 | D:9      | XOM: give mutations
 10261 | D:9      | Gained mutation: You are frail (-10% HP). [Xom's mischief]
 10261 | D:9      | Gained mutation: You can translocate small distances at will. [Xom's mischief]
 10261 | D:9      | Gained mutation: You have a pair of small antennae on your head. [Xom's mischief]
 10534 | D:9      | XOM: 6-stop teleportation journey
 10549 | D:9      | XOM: 4-stop teleportation journey
 10719 | D:9      | XOM: scenery: 2 doors close
 10723 | D:9      | XOM: 9-stop teleportation journey
 10945 | D:9      | XOM: polymorph killer bee -> scorpion
 11049 | D:9      | XOM: swap monsters
 11053 | D:9      | XOM: summons 10 friendly demons
 11181 | D:9      | XOM: give mutations
 11181 | D:9      | Gained mutation: You can breathe flames. [Xom's grace]
 11181 | D:9      | Gained mutation: You can breathe fire. [Xom's grace]
 11181 | D:9      | Gained mutation: Your flesh is very cold resistant. [Xom's grace]
 11181 | D:9      | Gained mutation: Your flesh is almost immune to the effects of cold. [Xom's grace]
 11321 | D:9      | XOM: god gift: battleaxe {god gift}
 11412 | D:9      | XOM: cast spell 'Blink'
 11432 | D:9      | XOM: enchant monster (good)
 11440 | D:9      | XOM: butterfly on damage
 11441 | D:9      | Reached skill level 9 in Dodging
 11445 | D:9      | XOM: enchant monster (bad)
 11551 | D:9      | Shot with an arrow of flame by a centaur

Vault maps used:
D:1:      dpeg_arrival_chambers_temple_mockup
D:2:      minmay_vboxes, uniq_jessica
D:3:      lemuel_round_altar, minitemple, first_bread,
          hangedman_decor_clover_reticule, bloody_makhleb, uniq_sigmund
D:4:      kennysheep_mini_moat
D:5:      black_bear_nest_2, kennysheep_mini, gammafunk_temple_overflow_pools,
          nemelex_xobeh_ov_fountains_minmay
D:7:      minmay_temple_entry_poolview, grunt_livestock
Temple:   eino_temple_water_12

Action                   |  1- 3 |  4- 6 |  7- 9 | 10-12 || total
-------------------------+-------+-------+-------+-------++-------
Melee: Falchion          |   139 |   136 |   599 |   241 ||  1115
Throw: Tomahawk          |       |       |     3 |       ||     3
  Use: Scroll            |       |    10 |     4 |       ||    14
       Potion            |       |       |    11 |     6 ||    17
 Stab: Sleeping          |     1 |       |     1 |     1 ||     3
       Paralysed         |       |     2 |    10 |       ||    12
       Invisible         |       |     1 |       |       ||     1
       Confused          |       |       |     3 |       ||     3
       Petrifying        |       |       |     1 |       ||     1
  Eat: Chunk             |     1 |     5 |    23 |     5 ||    34
       Pizza             |       |       |     1 |       ||     1
       Fruit             |       |       |     1 |       ||     1
